 Dungeon Crawl Stone Soup version 0.28.0-53-g5a82cb258f (webtiles) character file.

Game seed: 13336122555788461969

390 pkoi the Conjurer (level 6, -2/45 HPs)
             Began as a Demigod Conjurer on June 1, 2022.
             Slain by a bullfrog skeleton (3 damage)
             ... on level 4 of the Dungeon.
             The game lasted 00:07:40 (6264 turns).

pkoi the Conjurer (Demigod Conjurer)                Turns: 6264, Time: 00:07:41

Health: -2/45      AC:  6    Str:  8    XL:     6   Next: 25%
Magic:  1/12       EV: 12    Int: 28    God:
Gold:   213        SH:  0    Dex: 12    Spells: 2/9 levels left

rFire   . . .      SeeInvis +   m - +1 dagger (venom)
rCold   . . .      Faith    .   (no shield)
rNeg    + . .      Spirit   .   a - +0 robe
rPois   .          Reflect  .   (no helmet)
rElec   .          Harm     .   b - +2 cloak of the Thief {*Fog Slay-2 SInv Stlth+}
rCorr   .          Rampage  .   k - +0 pair of gloves
Will    .....                   (no boots)
Stlth   +++.......              (no amulet)
HPRegen 0.15/turn               g - ring of positive energy
MPRegen 0.13/turn               (no ring)

@: brilliant
A: high MP 2, forlorn, divine attributes, mutation resistance 1
a: no special abilities


You were on level 4 of the Dungeon.
You visited 1 branch of the dungeon, and saw 4 of its levels.

You collected 213 gold pieces.

Inventory:

Hand Weapons
 f - a +0 dagger
 i - a +1 vampiric dagger
 m - a +1 dagger of venom (weapon)
Armour
 a - a +0 robe (worn)
 b - the +2 cloak of the Thief (worn) {*Fog Slay-2 SInv Stlth+}
   (You acquired it on level 3 of the Dungeon)

   It may release a thick cloud of smoke when the wearer is hurt.
   Slay:      It affects your accuracy & damage with ranged weapons and melee
   (-2).
   SInv:      It lets you see invisible.
   Stlth:     It makes you more stealthy.
 k - a +0 pair of gloves (worn)
Jewellery
 g - a ring of positive energy (left hand)
 l - an amulet of guardian spirit
Scrolls
 c - a scroll of fear
 d - a scroll of magic mapping
Potions
 e - a potion of invisibility
 h - 2 potions of mutation
 n - a potion of magic {unknown}


   Skills:
 - Level 1.7 Dodging
 - Level 3.0 Stealth
 - Level 2.0 Spellcasting
 * Level 6.4 Conjurations
 + Level 1.6 Translocations


You had 2 spell levels left.
You knew the following spells:

 Your Spells              Type           Power      Damage    Failure   Level
a - Magic Dart            Conj           100%       1d8       1%          1
b - Searing Ray           Conj           100%       2d8       1%          2
c - Iskenderun's Mystic   Conj/Tloc      38%        2d9       17%         4

Your spell library contained the following spells:

 Spells                   Type           Power      Damage    Failure   Level
 Dazzling Flash           Conj/Hex       62%        N/A       8%          3
 Portal Projectile        Hex/Tloc       22%        N/A       19%         3
 Fulminant Prism          Conj/Hex       15%        3d11      24%         4
 Call Canine Familiar     Summ           4%         N/A       26%         3
 Leda's Liquefaction      Hex/Erth       2%         N/A       65%         4


Dungeon Overview and Level Annotations

Branches:
Dungeon (4/15)
 Temple: D:4-7

Annotations:
D:3 3 runed translucent doors, bnorton916's ghost, amateur DEFE
D:4 1 runed translucent door, pkoi's ghost, amateur DgAE


Innate Abilities, Weirdness & Mutations

You have a considerably increased reservoir of magic. (+20% MP)
You shall have no god before yourself.
Your divine heritage dramatically boosts your attributes as you level up.
You are somewhat resistant to further mutation.


Message History

Press: ? - help, Shift-Dir - straight line, f - bullfrog skeleton
Aim: a bullfrog skeleton (93% to hit)
The searing ray hits the bullfrog skeleton.
The bullfrog skeleton is moderately damaged. (Press . to maintain the ray.)
The bullfrog skeleton hits you.
* * * LOW HITPOINT WARNING * * *
The searing ray hits the bullfrog skeleton!
The bullfrog skeleton is heavily damaged.
The bullfrog skeleton hits you.
* * * LOW HITPOINT WARNING * * *
The searing ray hits the bullfrog skeleton.
The bullfrog skeleton is severely damaged.
The bullfrog skeleton hits you but does no damage.
The searing ray hits the bullfrog skeleton!
The bullfrog skeleton is almost destroyed.
You finish channelling your searing ray.
The bullfrog skeleton hits you.
* * * LOW HITPOINT WARNING * * *
The bullfrog skeleton hits you but does no damage.
Unknown command.
You hit the bullfrog skeleton but do no damage.
The bullfrog skeleton is almost destroyed.
The bullfrog skeleton hits you.
* * * LOW HITPOINT WARNING * * *
You hit the bullfrog skeleton but do no damage.
The bullfrog skeleton is almost destroyed.
The bullfrog skeleton hits you but does no damage.
Unknown command.
You aren't carrying any items that you can evoke.
It was a potion of mutation.
You feel extremely strange.
You feel genetically stable.
You feel more energetic. The bullfrog skeleton misses you.
It was a potion of brilliance.
You feel clever all of a sudden. The bullfrog skeleton hits you.
* * * LOW HITPOINT WARNING * * *
With a swish of your cloak, you release a cloud of fog.
The bullfrog skeleton hits you.
You die...

####....)Z.......#
##B##..#########.#
KsSg#..#########.#
##o##..........#.#
.###..########.#.#
.....## #.#.#
.###.# #.#§# .#
#.# #.#Z# ## #.#
#.#@# # #.# #.#§#
#.# #.#§#
#.#########.#.#
#...........#..
###############


You could see a bullfrog skeleton.

Vanquished Creatures
  A bullfrog (D:4)
  A scorpion (D:4)
  A water moccasin skeleton (D:4)
  An orc priest (D:4)
  A gnoll shaman (D:4)
  An orc wizard (D:3)
  3 adders
  3 dart slugs
  16 orcs
  14 endoplasms
  3 giant cockroaches
  10 goblins
  11 hobgoblins
  5 quokkas
  10 ball pythons
  5 bats
  2 frilled lizards (D:3)
  4 kobolds
  3 rats
95 creatures vanquished.

Vanquished Creatures (others)
  4 toadstools (D:1)
4 creatures vanquished.

Grand Total: 99 creatures vanquished

Notes
Turn   | Place    | Note
-------+----------+-------------------------------------------
     0 | D:1      | pkoi the Demigod Conjurer began the quest for the Orb.
     0 | D:1      | Reached XP level 1. HP: 14/14 MP: 5/5
   545 | D:1      | Reached skill level 4 in Conjurations
   561 | D:1      | Reached XP level 2. HP: 20/20 MP: 5/7
  1100 | D:1      | Learned a level 2 spell: Searing Ray
  1778 | D:2      | Reached XP level 3. HP: 26/26 MP: 4/8
  2483 | D:2      | Reached skill level 5 in Conjurations
  3151 | D:3      | Reached XP level 4. HP: 33/33 MP: 6/9
  3182 | D:3      | Found a runed translucent gate.
  3183 | D:3      | Found a runed translucent gate.
  3514 | D:3      | Identified a scroll of acquirement
  3514 | D:3      | Acquired the +2 cloak of the Thief {*Fog Slay-2 SInv
                  | Stlth+}
  3514 | D:3      | Found the +2 cloak of the Thief {*Fog Slay-2 SInv Stlth+}
  3954 | D:3      | Noticed bnorton916's ghost (amateur DEFE)
  3962 | D:3      | Found a runed translucent gate.
  4678 | D:4      | Reached XP level 5. HP: 33/38 MP: 2/10
  4845 | D:3      | Learned a level 4 spell: Iskenderun's Mystic Blast
  5678 | D:4      | Noticed a centaur
  5797 | D:4      | Reached skill level 6 in Conjurations
  6053 | D:4      | Reached skill level 1 in Translocations
  6106 | D:4      | Found a runed translucent door.
  6107 | D:4      | Noticed pkoi's ghost (amateur DgAE)
  6218 | D:4      | Reached XP level 6. HP: 39/45 MP: 6/11
  6263 | D:4      | Gained mutation: You are somewhat resistant to further
                  | mutation. [potion of mutation]
  6263 | D:4      | Gained mutation: You have a considerably increased
                  | reservoir of magic. (+20% MP) [potion of mutation]
  6264 | D:4      | HP: 1/45 [bullfrog skeleton (5)]
  6264 | D:4      | Slain by a bullfrog skeleton

Illustrated notes

Levels and vault maps discovered:
D:1:      ldierk_water_garden, layout_basic,
          shapermc_ecumenical_altar_notcrosses
D:2:      layout_loops_cross, minivault_27
D:3:      layout_basic, mainiacjoe_overflow_surrounded_room,
          gammafunk_ghost_split
D:4:      layout_basic, ebering_ghost_inner_flame, grunt_ministairs_14,
          minmay_joined_circles

Skill      XL: |  1  2  3  4  5 |
---------------+----------------+-----
Spellcasting   | 2 |  2.0
Conjurations   | 4 5 6 |  6.4
Stealth        | 2 3 |  3.0
Translocations | 1 |  1.6
Dodging        | |  1.7

Action                   |  1- 3 |  4- 6 || total
-------------------------+-------+-------++-------
Melee: Dagger            |     2 |     7 ||     9
 Cast: Magic Dart        |   106 |   100 ||   206
       Searing Ray       |       |     6 ||     6
  Use: Scroll            |     5 |     3 ||     8
       Potion            |       |     2 ||     2
Armor: Robe              |       |     7 ||     7
Dodge: Dodged            |     3 |    15 ||    18
